 Dungeon Crawl Stone Soup version 0.25.0-1-g7eea58d2a3 (webtiles) character file.

Game seed: 17772280586909129769

105 LiquidNight the Skirmisher (level 4, -2/40 HPs)
             Began as a Hill Orc Fighter on June 14, 2020.
             Killed from afar by Ijyb (11 damage)
             ... with an iceblast
             ... on level 3 of the Dungeon.
             The game lasted 00:14:27 (1997 turns).

LiquidNight the Skirmisher (Hill Orc Fighter)       Turns: 1997, Time: 00:14:27

Health: -2/40      AC:  7    Str: 16 (19) XL:     4   Next: 83%
Magic:  0/4        EV:  7    Int:  6 (8)  God:
Gold:   82         SH:  8    Dex:  7 (10) Spells: 3/3 levels left

rFire    . . .     SeeInvis .   a - +0 war axe
rCold    . . .     Gourm    .   c - +0 kite shield
rNeg     . . .     Faith    .   b - +0 scale mail
rPois    +         Spirit   +   (no helmet)
rElec    .         Reflect  .   (no cloak)
rCorr    .         Harm     .   (no gloves)
MR       .....                  (no boots)
Stlth    ..........             s - amulet of guardian spirit
HPRegen  0.13/turn              h - ring of poison resistance
MPRegen  0.09/turn              (no ring)

@: hasted, very quick
A: no striking features
a: no special abilities


You were on level 3 of the Dungeon.
You were not hungry.

You visited 1 branch of the dungeon, and saw 3 of its levels.

You collected 82 gold pieces.

Inventory:

Hand Weapons
 a - a +0 war axe (weapon)
 g - a +0 hunting sling
Missiles
 e - 101 stones (quivered)
 m - 20 poisoned darts
 p - 17 sling bullets
Armour
 b - a +0 scale mail (worn)
 c - a +0 kite shield (worn)
Jewellery
 h - a ring of poison resistance (left hand)
 s - an amulet of guardian spirit (around neck)
Wands
 t - a wand of flame (14)
 u - a wand of clouds (5)
Scrolls
 i - a scroll of immolation {unknown}
 j - 2 scrolls of teleportation {unknown}
 k - 4 scrolls of remove curse {unknown}
 n - 5 scrolls of identify {unknown}
 o - a scroll of magic mapping {unknown}
Potions
 d - a potion of might
Comestibles
 f - 3 rations
 r - a chunk of flesh


   Skills:
 * Level 4.2 Fighting
 + Level 3.9 Axes
 * Level 4.0 Armour
 + Level 0.8 Dodging
 - Level 0.2 Stealth
 + Level 4.0 Shields


You had 3 spell levels left.
You didn't know any spells.
Your spell library was empty.

Dungeon Overview and Level Annotations

Branches:
Dungeon (3/15)

Altars:

Annotations:
D:3 Ijyb


Message History

Ijyb is moderately wounded.
You block Ijyb's attack.
You hit Ijyb but do no damage.
Ijyb is moderately wounded.
You slash Ijyb!
Ijyb is heavily wounded.
Ijyb hits you with a +6 club.
You closely miss Ijyb.
Ijyb is heavily wounded.
Ijyb hits you with a +6 club.
* * * LOW HITPOINT WARNING * * *
You hit Ijyb but do no damage.
Ijyb is heavily wounded.
It was a potion of degeneration.
There was something very wrong with that liquid.
You feel weakened.
You feel dopey.
You feel clumsy. You block Ijyb's attack.
There is a stone staircase leading up here.
Ijyb zaps a wand.
The mass of ice explodes!
The iceblast engulfs you!
You die...

#...............
#...............
#..............
#..........###
####.......)..#
##.............# ###..
#.....g........# #...#
#......<.......# #...##.
#......@###.######...##.
.....................>##.
.........#####....#...##.
.........#####....###....
.......#.................
......#.#####....###....
...##.### #......##.....
... .. #.#....##...>รท
#.#....##.####


You could see Ijyb.

Vanquished Creatures
  An orc wizard (D:3)
  An adder (D:2)
  An ooze (D:2)
  A worm (D:2)
  A dart slug (D:2)
  A leopard gecko (D:2)
  3 orcs (D:2)
  3 giant cockroaches
  12 goblins
  8 hobgoblins
  9 kobolds
  A ball python (D:2)
  7 bats
  3 frilled lizards
  6 rats
58 creatures vanquished.

Notes
Turn   | Place    | Note
-------+----------+-------------------------------------------
     0 | D:1      | LiquidNight the Hill Orc Fighter began the quest for the
                  | Orb.
     0 | D:1      | Reached XP level 1. HP: 19/19 MP: 1/1
    73 | D:1      | Reached XP level 2. HP: 27/27 MP: 2/2
   417 | D:1      | Reached XP level 3. HP: 30/33 MP: 3/3
  1237 | D:2      | Reached XP level 4. HP: 34/40 MP: 4/4
  1973 | D:3      | Noticed Ijyb
  1997 | D:3      | Killed from afar by Ijyb

Illustrated notes

Levels and vault maps discovered:
D:1:      ncdulo_lavacross, layout_basic, minmay_misc_feat_x
D:2:      layout_basic, first_ration
D:3:      layout_basic, chequers_ecumenical_altar_simple, gammafunk_ghost_arena,
          due_unseen_surprise, uniq_ijyb

Skill      XL: |  1  2  3  4 |
---------------+-------------+-----
Axes           | 3 |  3.9
Fighting       | 4 |  4.2
Armour         | 4 |  4.0
Shields        | 4 |  4.0
Dodging        | |  0.8
Stealth        | |  0.2

Action                   |  1- 3 |  4- 6 || total
-------------------------+-------+-------++-------
Melee: War axe           |   151 |    59 ||   210
Evoke: Wand              |       |     1 ||     1
  Use: Potion            |       |     2 ||     2
  Eat: Chunk             |     1 |     3 ||     4
Armor: Scale mail        |    53 |    23 ||    76
Dodge: Dodged            |    51 |    14 ||    65
Block: Kite shield       |    85 |    29 ||   114
